[Event "44th Chess Olympiad Open 2022"]
[Site "Chennai"]
[Date "2022.07.30"]
[Round "2.53"]
[White "Salim Al Maashani Amer Said"]
[Black "Mansour, Sameer"]
[Result "1-0"]
[ECO "B31"]
[WhiteElo "2038"]
[BlackElo "2275"]
[Annotator "TA"]
[PlyCount "145"]
[EventDate "2022.07.29"]
[EventType "team-tourn"]
[EventCountry "IND"]
[SourceTitle "playchess.com"]
[Source "ChessBase"]
[SourceQuality "1"]
[WhiteTeam "OMA"]
[BlackTeam "Jordan"]
[BlackTeamCountry "JOR"]
[TimeControl "40/5400+30:1800+30"]

1. e4 c5 2. Nf3 Nc6 3. Bb5 g6 4. Bxc6 dxc6 5. d3 Bg7 6. h3 Nf6 7. Nc3 Nd7 8. Be3 e5 9. Qd2 h6 {[%emt 0:00:35] B31: Sicilian: 2...Nc6 3 Bb5 g6.} 10. O-O b6 11. Nh2 Nf8 {[%emt 0:00:09] White has an edge.} 12. f4 exf4 13. Bxf4 Ne6 14. Bg3 Qg5 {[%emt 0:03:46] Against e5} 15. Qxg5 hxg5 {[%emt 0:14:19] [#]} 16. Ng4 $146 (16. Rae1 $11) ({Predecessor:} 16. Nf3 Nd4 17. Nxg5 f6 18. Nf3 Nxc2 19. Rac1 Nb4 20. Rcd1 Ba6 21. Ne1 O-O-O 22. Rf3 {0-1 (49) McGowan,C (2221)-Daghli,A (2387) Mumbai 2019}) 16... Nd4 (16... Nf4 $17 {Hoping for ...Bxg4.} 17. Ne3 (17. Bxf4 gxf4 18. Kf2 Be6 $15) 17... Bd4) 17. Be5 $11 Bxe5 18. Nxe5 Be6 19. Rf2 Ke7 (19... O-O $1 $11) 20. Raf1 $16 Rh7 21. Nd1 $1 g4 22. c3 (22. hxg4 Rah8 23. Rd2 Rh1+ 24. Kf2 Rxf1+ 25. Kxf1 Kf6 $15) (22. Nxg4 Bxg4 23. hxg4 Rah8 $15) 22... g3 23. Rd2 Nb5 24. Rf3 ({Don't do} 24. Nxc6+ Kd6 $14) ({Better is} 24. a4 $16 Nd6 25. Nxc6+ Kd7 26. Ne5+ Kc7 27. Ne3) 24... Rh5 $1 $36 {[%emt 0:03:40][%mdl 2048] White is under pressure.} 25. Ng4 Bxa2 ({But not} 25... Bxg4 26. hxg4 Re5 27. Rxg3 $14) 26. Rxg3 Be6 27. Rf3 Nd6 (27... Bxg4 $15 28. hxg4 Re5) 28. Re2 (28. Nf6 $142 Rg5 29. Ne3) 28... Nb5 (28... Bxg4 $11 29. hxg4 Re5) 29. Nf6 Rhh8 30. Ne3 Kd6 (30... Nd6 $11) 31. Nc4+ {[%emt 0:04:24] Pair of Knights!} Kc7 32. Ne5 {[%emt 0:00:27] White is more active.} (32. e5 $16) 32... Rad8 33. Kf2 a5 34. Nfg4 Rh7 35. Nf6 Rhh8 36. Nfg4 Nd6 37. Rf6 a4 {[%emt 0:02:25] [#]} ({Black should try} 37... Rhe8 $11) 38. Ke3 (38. Nxf7 $1 $14 Bxf7 39. e5) 38... b5 {[%emt 0:00:48] [#]} (38... Rde8 $11 {keeps the balance.}) 39. Ref2 (39. Nxg6 $1 $16 Rhe8 40. N6e5) 39... Rh7 (39... Rde8 $5 ) 40. Rf1 Ra8 41. Ra1 Ra6 42. Rf2 (42. Nf3 $142) 42... Rh8 (42... f5 $5 43. Nf6 Rg7 $11) 43. d4 cxd4+ 44. cxd4 Rha8 45. Rc2 a3 (45... Nxe4 $5 46. Rac1 {[#]} a3 $1 47. Nxc6 (47. Kxe4 $2 Bf5+ 48. Kf4 Bxc2 $19) (47. Rxc6+ $2 Rxc6 48. Rxc6+ Kb7 $17) 47... Nd6 48. Nb4+ Nc4+ 49. Kf2 axb2 $1 50. Nxa6+ Kd6 $15) 46. bxa3 Rxa3+ 47. Rxa3 Rxa3+ 48. Kf4 Nc4 (48... g5+ $1 $15 49. Kxg5 Nxe4+ 50. Kf4 Nc3) 49. Nxc4 $14 bxc4 {[%emt 0:00:00][%mdl 4096] Endgame KRB-KRN} (49... Bxc4 $11 {deserves consideration.} 50. Ne5 Ra2 51. Rxa2 Bxa2) 50. Ke5 ({White should play} 50. Ne5 $14) 50... Rd3 51. Nf6 {[%emt 0:00:00] Black must now prevent d5.} c3 52. d5 $1 cxd5 53. Nxd5+ Bxd5 54. exd5 $11 {[%emt 0:00:01] KR-KR} Kd7 55. Ke4 Rd2 56. Rxc3 (56. Rc1 {keeps more tension.} c2 57. g4 g5 58. Ke3) 56... Rxg2 57. Ra3 Re2+ 58. Kd4 Rh2 59. Ra7+ Ke8 60. d6 Rxh3 61. Re7+ Kf8 62. Re2 {[%emt 0:00:41] d7 would kill now.} Rh1 63. Kc5 Rd1 64. Kc6 f5 $2 (64... g5 $11) 65. d7 $18 {[%emt 0:00:33] White wants to mate with Re8+.} Kf7 66. Re8 {[%emt 0:00:39] White mates.} Kf6 67. d8=Q+ Rxd8 68. Rxd8 {[%emt 0:00:02] KR-KPP} Ke5 69. Kc5 Ke4 70. Kc4 Ke3 71. Re8+ Kd2 72. Kd4 Kd1 73. Ke5 {[%emt 0:00:26] Weighted Error Value: White=0.22 (precise) /Black=0.25 (precise)} 1-0

[Event "44th Chess Olympiad Open 2022"]
[Site "Chennai"]
[Date "2022.07.30"]
[Round "2.53"]
[White "Al Busaidi, Hamood"]
[Black "Aboudi, Marwan"]
[Result "0-1"]
[ECO "B56"]
[WhiteElo "1743"]
[BlackElo "2144"]
[Annotator "TA"]
[PlyCount "54"]
[EventDate "2022.07.29"]
[EventType "team-tourn"]
[EventCountry "IND"]
[SourceTitle "playchess.com"]
[Source "ChessBase"]
[SourceQuality "1"]
[WhiteTeam "OMA"]
[BlackTeam "Jordan"]
[BlackTeamCountry "JOR"]
[TimeControl "40/5400+30:1800+30"]

1. e4 c5 2. Nf3 d6 3. d4 cxd4 4. Nxd4 Nf6 5. Nc3 Nc6 6. h3 e6 7. Be3 Be7 {[%emt 0:00:24] B56: Classical Sicilian: Unusual Lines.} 8. Be2 O-O 9. Qd2 a6 {[%emt 0:03:48][%cal Ba7a6,Ba6b5,Bb5b4][%mdl 32] The position is equal.} 10. a4 Bd7 {[%emt 0:20:17] [#]} 11. g4 $146 ({Predecessor:} 11. O-O Rc8 12. Nxc6 Bxc6 13. Bd3 d5 14. e5 Nd7 15. Bf4 g6 16. Ne2 Nc5 17. Bh6 {0-1 (30) Geldimamedov,H-Kataev,S (2297) Moscow 1983}) 11... Nxd4 12. Bxd4 Bc6 13. Qe3 b5 (13... Nd7 {seems wilder.} 14. Qd2 b5 15. axb5 axb5 16. O-O b4) 14. axb5 axb5 15. Rxa8 (15. O-O $17) 15... Qxa8 $19 16. Bxf6 Bxf6 17. O-O b4 18. Nb5 Bxe4 19. Nxd6 (19. c4 $142) 19... Bxc2 {[%emt 0:00:11] A strong pair of Bishops.} 20. Bf3 (20. Nc4 $142) 20... Qa2 21. b3 Bxb3 22. g5 Be7 23. Nb5 {[%emt 0:00:05] [#]} (23. Nf5 Bxg5 24. Qxg5 exf5 25. Qf4) 23... Bc4 {[%emt 0:01:12][%csl LRb5,LRf1] Black is clearly winning.} 24. Nc7 Bxf1 25. Kxf1 Qc4+ 26. Be2 Qxc7 27. g6 hxg6 {[%emt 0:00:14] White got outplayed after the opening.  Weighted Error Value: White=0.87/Black=0.01 (flawless)} 0-1

[Event "44th Chess Olympiad Open 2022"]
[Site "Chennai"]
[Date "2022.07.30"]
[Round "2.54"]
[White "Jingjang, Shin"]
[Black "Pesqueira, Jose"]
[Result "1/2-1/2"]
[ECO "B06"]
[WhiteElo "1956"]
[BlackElo "1809"]
[Annotator "TA"]
[PlyCount "88"]
[EventDate "2022.07.29"]
[EventType "team-tourn"]
[EventCountry "IND"]
[SourceTitle "playchess.com"]
[Source "ChessBase"]
[SourceQuality "1"]
[WhiteTeam "Thailand"]
[BlackTeam "ARU"]
[WhiteTeamCountry "THA"]
[TimeControl "40/5400+30:1800+30"]

1. d4 g6 2. Nf3 Bg7 3. Bg5 d6 4. e4 c5 5. c3 Bg4 {[%emt 0:06:20] [#]} (5... cxd4 $14 6. cxd4 Nc6) 6. dxc5 $146 {[%emt 0:04:04] B06: Modern Defence.} ({Predecessor:} 6. d5 Qb6 7. Qc2 Bxf3 8. gxf3 Nd7 9. Nd2 a6 10. f4 Ngf6 11. Bd3 Nh5 12. Nc4 Qc7 {0-1 (44) Dietrich,W-Fries,G Kahl 1996}) 6... Bxf3 7. Qxf3 {[%emt 0:03:30] aiming for Bc4.} dxc5 {[%emt 0:02:15] [#]} (7... Nc6 $16) 8. Bc4 $1 $18 {[%emt 0:00:28] White is clearly better.} f6 9. e5 Nc6 10. exf6 Nxf6 11. O-O Ne5 (11... Qd7 $16) 12. Bb5+ {[%emt 0:00:25] A strong pair of Bishops.} ({Don't do} 12. Qxb7 Nxc4 13. Qb5+ Kf7 14. Qxc4+ Qd5) 12... Kf8 13. Qe2 (13. Qxb7 Rb8 14. Qa6 Ne4) 13... Qc7 (13... Nf7 $142) 14. h3 (14. f4 $142 Nf7 15. Nd2) 14... a6 15. Ba4 (15. f4 $18 Nf7 16. Bc4) 15... b5 16. Bc2 Nf7 17. Bh4 ({White should try} 17. f4 $16) 17... Qe5 (17... Nh5 $14) 18. Qf3 Rd8 19. Qb7 Qe6 20. Na3 {[%emt 0:10:18] Rae1 is the strong threat.} Qc8 21. Qf3 Nd6 $2 (21... Nh5 $14) 22. Qe2 (22. Rad1 $18 {and White stays clearly on top.}) 22... Kf7 $16 23. Rad1 Rhe8 24. Bb1 {[%emt 0:00:51] White is more active.} Qe6 25. Qf3 Nf5 26. Bxf6 (26. Bg5 $5 ) 26... exf6 (26... Bxf6 $11 27. Rfe1 Rxd1 28. Qxd1 Qc8) 27. Nc2 ({Better is} 27. Bxf5 $16 gxf5 28. Nc2) 27... Bh6 28. Rfe1 Rxd1 29. Rxd1 Re7 30. Ne1 Nh4 31. Qg3 (31. Qg4 {with more complications.} Qe2 32. Bc2 Bg5 33. Qxe2 Rxe2 34. Kf1) 31... Qe2 32. Qd3 Qxd3 ({Don't play} 32... Qxb2 33. g3 $16) 33. Nxd3 c4 34. Nc5 Re2 35. b3 (35. Be4 $5 Nf5 36. Bd5+ (36. Rd7+ Ne7 $11) 36... Ke7 37. Bf3 $14) 35... cxb3 {[%emt 0:00:03] The position is equal.} 36. axb3 Rd2 37. Rxd2 Bxd2 38. Nxa6 Bxc3 $11 {[%emt 0:00:03][%mdl 4096] Endgame KBN-KBN} 39. Nc7 b4 $1 40. Kf1 f5 41. g3 Nf3 {[%emt 0:30:08] And now ...Nd2+ would win.} 42. Bc2 Nd4 43. Bd3 Bd2 44. Nb5 Nxb5 {[%emt 0:00:00] Blacks defense is rewarded with a draw.  Weighted Error Value: White=0.24 (precise) /Black=0.27 (precise)} 1/2-1/2

[Event "44th Chess Olympiad Open 2022"]
[Site "Chennai"]
[Date "2022.07.30"]
[Round "2.54"]
[White "Croes, Octavio"]
[Black "Arunnuntapanich, Tinnakrit"]
[Result "0-1"]
[ECO "E70"]
[WhiteElo "1794"]
[BlackElo "2117"]
[Annotator "TA"]
[PlyCount "106"]
[EventDate "2022.07.29"]
[EventType "team-tourn"]
[EventCountry "IND"]
[SourceTitle "playchess.com"]
[Source "ChessBase"]
[SourceQuality "1"]
[WhiteTeam "ARU"]
[BlackTeam "Thailand"]
[BlackTeamCountry "THA"]
[TimeControl "40/5400+30:1800+30"]

1. d4 Nf6 2. c4 g6 3. Nc3 Bg7 4. e4 d6 5. Bg5 h6 6. Bf4 c6 {[%emt 0:21:24] E70: King's Indian: Miscellaneous lines with 4 e4, including 5 Nge2 and 5 Bd3 0-0 6 Nge2.} 7. Be2 Qa5 {[%emt 0:02:26] [#]} 8. Bd2 $146 ({Predecessor:} 8. Qd2 e5 9. Be3 O-O 10. f3 Kh7 11. d5 c5 12. g4 Rh8 13. Nh3 Ne8 14. Nf2 {1-0 (65) Pape,M (2163)-Brandt,W (1979) Sottrum 2008}) 8... Qc7 {[%emt 0:00:43] White is slightly better.} 9. Rc1 e5 10. d5 c5 11. f4 ({Better is} 11. Rb1 $16) 11... exf4 12. Bxf4 {[%emt 0:00:23] [#] Strongly threatening Nb5.} Qe7 13. Qd3 {[%emt 0:03:58] And now Nb5 would win.} O-O 14. Nf3 Nh5 15. Bd2 Re8 16. Kf2 $2 {[%emt 0:00:26] [#]} (16. O-O $11 {and White stays safe.}) 16... Nf6 (16... f5 $1 $19 {...Nf6 is the strong threat.} 17. Rhe1 (17. e5 $2 dxe5 18. d6 Qf7 $19) 17... fxe4 18. Qxe4 Qxe4 19. Nxe4 Rxe4) 17. Rhe1 $11 Ng4+ 18. Kg1 Nd7 19. Bf4 Nde5 (19... g5 $5 20. Bd2 Nde5 21. Nxe5 Bxe5 22. Bxg4 Bxg4 $11) 20. Nxe5 Bxe5 21. Bxe5 Nxe5 22. Qg3 Bd7 23. Bd3 Qg5 $36 {[%emt 0:02:52][%mdl 2048] aiming for ...Qxg3. Black has the initiative.} 24. Re3 Qxg3 25. Rxg3 Re7 26. Be2 Rae8 27. Nd1 a6 28. Ne3 Kh7 29. Bg4 $2 {[%emt 0:02:06] White is on the road to losing.} ({White should play} 29. Rf1 $15) 29... Bxg4 30. Nxg4 Nxg4 31. Rxg4 Rxe4 32. Rxe4 (32. Rg3 $142) 32... Rxe4 $19 {[%emt 0:00:01][%mdl 4096] Endgame KR-KR} 33. Kf2 Kg7 34. Kf3 Rd4 35. Ke3 b5 36. b3 (36. cxb5 {is the only way for White.} axb5 37. a3) 36... bxc4 37. bxc4 Kf6 38. Rf1+ Ke7 39. Rc1 f5 40. Rc3 Kf6 41. Ra3 Rxc4 42. Rxa6 Ke5 {[%emt 0:00:03] Hoping for ...Rc2.} 43. a4 Kxd5 {[%emt 0:00:06] Black is clearly winning.} 44. a5 (44. Kd3 $142 Rb4 45. Ke3) 44... Rc2 45. Kf3 Ra2 46. Ra8 Kd4 47. a6 c4 48. a7 d5 {[%emt 0:00:00] Threatens to win with ...c3.} 49. Rg8 Rxa7 50. Rxg6 c3 51. Ke2 Ra2+ 52. Kd1 f4 53. h4 Ke5 {[%emt 0:02:48] Weighted Error Value: White=0.90/Black=0.14 (very precise)} 0-1

[Event "44th Chess Olympiad Open 2022"]
[Site "Chennai"]
[Date "2022.07.30"]
[Round "2.54"]
[White "Antonio, Kyell-Jean"]
[Black "Saeheng, Boonsueb"]
[Result "0-1"]
[ECO "B92"]
[WhiteElo "1497"]
[BlackElo "2063"]
[Annotator "TA"]
[PlyCount "100"]
[EventDate "2022.07.29"]
[EventType "team-tourn"]
[EventCountry "IND"]
[SourceTitle "playchess.com"]
[Source "ChessBase"]
[SourceQuality "1"]
[WhiteTeam "ARU"]
[BlackTeam "Thailand"]
[BlackTeamCountry "THA"]
[TimeControl "40/5400+30:1800+30"]

1. e4 c5 2. Nf3 d6 3. d4 cxd4 4. Nxd4 Nf6 5. Nc3 a6 6. Be2 e5 7. Nb3 Be7 8. Be3 Be6 9. O-O Nbd7 10. a4 O-O 11. Qd2 Rc8 12. a5 Rc6 {[%emt 0:07:28] B92: Sicilian Najdorf: 6 Be2.} 13. Rfc1 Re8 14. f3 {[%emt 0:10:22] [#]} Bc4 $146 {[%emt 0:07:00] The position is equal.} ({Predecessor:} 14... Rc8 15. Ra4 h6 16. g4 Nf8 17. Rd1 Ng6 18. Raa1 Rc6 19. Nd5 Bxd5 20. exd5 Rc8 {0-1 (28) Schroers,U (2000)-Muster,W (2264) Remote email 2013}) 15. Nd5 Nxd5 16. exd5 Rc8 17. Bxc4 Rxc4 18. Qd3 Rc8 19. c4 Bg5 20. Nd2 f5 {[%emt 0:03:25] Against Ne4} 21. b4 e4 22. fxe4 (22. Bxg5 {seems wilder.} Qxg5 23. fxe4 fxe4 24. Nxe4 Qg6 25. Nf2) 22... Ne5 23. Bxg5 Nxd3 24. Bxd8 {[%emt 0:00:12][%cal Od8b6] Bb6! is the strong threat.} Nxc1 25. Rxc1 {[%emt 0:05:09] aiming for Bb6.} Rcxd8 26. exf5 $11 {[%emt 0:00:39][%mdl 4096] Endgame KRR-KRN} (26. Kf2 $15) 26... Re2 $17 27. Rd1 Kf7 28. Kf1 Re5 29. g4 ({Better is} 29. Nf3 $1 $15 Rxf5 30. Ke2) 29... Kf6 $1 30. Re1 (30. Kg2 $17 {keeps fighting.}) 30... Rxe1+ $19 31. Kxe1 {[%emt 0:00:02] KR-KN} Ke5 32. Kf2 h5 (32... Kd4 $19 {has better winning chances. Hoping for ...Kd3.} 33. Ke2 Kc3) 33. Kf3 Rf8 ({Black should try} 33... Rh8 $17 34. g5 Kxf5) 34. h3 $11 g6 35. Ke3 $1 hxg4 36. hxg4 gxf5 37. Nf3+ $1 Kf6 38. g5+ Kg6 {[%emt 0:00:35] Threatens to win with ...Re8+.} 39. Kf4 {[%emt 0:00:01] Black must now prevent c5.} Rc8 {[%emt 0:01:05] Against c5} 40. c5 dxc5 41. Ne5+ Kg7 42. Kxf5 $2 (42. bxc5 $11 {and White stays safe.} Rxc5 43. d6) 42... cxb4 $19 43. d6 b3 $1 {[%emt 0:01:09] ( -> ...b2)} 44. Nd3 {[%emt 0:00:21] [#]} Rc3 $1 45. Ke4 (45. Nb2 Kf7 46. g6+ Ke8 47. g7) 45... Kf7 46. g6+ Ke6 47. g7 (47. d7 $142 Rc4+ 48. Kf3) 47... Rc4+ 48. Kf3 Rc8 49. Nc5+ Kxd6 50. Ne4+ Ke5 {[%emt 0:00:21] Weighted Error Value: White=0.72/Black=0.23 (precise)} (50... Ke7 $142 51. Nd2 b2 52. g8=B Rxg8 53. Ke3 Rd8 54. Nb1 Rd1 55. Na3 Ra1 56. Kd3 Rxa3+ 57. Kc2 {[#]} Rb3 $3 58. Kxb3 b1=Q+ 59. Kc4 Qd1 60. Kc3 Kd6 61. Kb2 Qd2+ 62. Kb1 Kc5 63. Ka1 Kd4 64. Kb1 Kc3 65. Ka1 Qb2#) 0-1

[Event "44th Chess Olympiad Open 2022"]
[Site "Chennai"]
[Date "2022.07.30"]
[Round "2.55"]
[White "Martyr, Reginald"]
[Black "Tagelsir, Abubaker"]
[Result "1/2-1/2"]
[ECO "A15"]
[WhiteElo "2194"]
[BlackElo "2232"]
[Annotator "TA"]
[PlyCount "101"]
[EventDate "2022.07.29"]
[EventType "team-tourn"]
[EventCountry "IND"]
[SourceTitle "playchess.com"]
[Source "ChessBase"]
[SourceQuality "1"]
[WhiteTeam "LCA"]
[BlackTeam "Sudan"]
[BlackTeamCountry "SUD"]
[TimeControl "40/5400+30:1800+30"]

1. Nf3 Nf6 2. c4 g6 3. b3 Bg7 4. Bb2 O-O 5. g3 d5 6. cxd5 Qxd5 {[%emt 0:01:51][%cal Oe7e5] A15: English Opening: 1...Nf6.} 7. Bg2 (7. Nc3 Qh5 $11) 7... c5 8. Nc3 Qf5 {[%emt 0:02:24] [#] The position is equal.} 9. h3 $146 (9. d3 $14) ({Predecessor:} 9. Na4 Nc6 10. O-O Qh5 11. Rc1 b6 12. d4 Rd8 13. Qe1 Bh3 14. Nxc5 Ng4 15. e3 {1-0 (36) Adhiban,B (2672)-Shevchenko,K (2633) Chess.com INT 2021}) 9... Nc6 $11 10. Rc1 Rd8 11. Na4 b6 12. O-O Bb7 13. d3 Rac8 14. a3 Rc7 (14... Qd7 $17) 15. b4 $1 cxb4 16. axb4 Rcd7 17. Rb1 (17. Rc4 $11) 17... e5 $1 $17 18. g4 {[%emt 0:13:14] [#]} Qe6 19. Ng5 Qe7 20. b5 Nd4 {[%emt 0:00:54] Strongly threatening ...Bxg2.} 21. Bxb7 Rxb7 22. Bc1 (22. e3 $17 {is a better defense.} Nxb5 23. Qb3) 22... h6 $19 23. e3 hxg5 24. exd4 Rxd4 {[%emt 0:00:21] Threatens to win with ...e4.} 25. Bb2 (25. Be3 $17) 25... Rd8 26. Re1 Nd5 27. Qf3 Rbd7 28. d4 Qb4 29. Nc3 Nxc3 (29... Qxd4 $2 30. Ne4 Qc4 31. Nxg5) 30. Bxc3 Qc4 31. Rb4 Qd5 ({Better is} 31... Qc7 $17 {And now ...Rd5 would win.} 32. Bd2 f6) 32. Qxd5 $15 {[%emt 0:00:13][%mdl 64] Remove Defender} Rxd5 33. dxe5 Rd3 34. Re3 Rxe3 35. fxe3 {[%emt 0:00:01][%mdl 4096] Endgame KRB-KRB} Rd5 36. Rd4 Rxb5 37. Rd8+ Bf8 38. Bd4 Rb1+ 39. Kg2 Rc1 40. Kf3 {[%emt 0:01:01] Bb2 is the strong threat.} b5 ({Black should play} 40... Rb1 $14) 41. Bxa7 $16 Kg7 {[%emt 0:11:53] [#]} 42. Bd4 {[%emt 0:00:00] Hoping for e6+.} Be7 $2 (42... Kg8 $16 {is tougher.} 43. Ke4 b4) 43. Rb8 (43. e6+ $142 f6 44. Re8) 43... b4 $2 (43... f6 44. Rb7 (44. Rxb5 fxe5 45. Bxe5+ Kf7 $16) (44. exf6+ Bxf6 45. Rb7+ Kh6 $16) 44... Kf8 45. exf6 Bxf6 46. Bxf6 (46. Rxb5 Kf7 $16) 46... Rf1+ 47. Ke2 Rxf6 48. Rxb5 Rf7 49. Rxg5 Rh7 50. Rxg6 (50. e4 Kg7 $16) 50... Kf7) 44. Ke4 (44. e6+ $142 f6 45. Re8) 44... Rc6 $18 45. Kd5 Ra6 (45... Rc7 46. Bb6 Rc2) 46. Re8 Re6 47. Ra8 Bf8 (47... b3 $142 48. Rb8 Ra6) 48. Rb8 Ra6 49. e4 Re6 50. Be3 Be7 51. Bd4 $2 {[%emt 0:01:17] White used his chance.  Weighted Error Value: White=0.45/Black=0.37} (51. Ba7 $18) 1/2-1/2

[Event "44th Chess Olympiad Open 2022"]
[Site "Chennai"]
[Date "2022.07.30"]
[Round "2.55"]
[White "Hamid Mohammed"]
[Black "Sixtus Gabriel"]
[Result "1-0"]
[ECO "B07"]
[WhiteElo "2116"]
[BlackElo "1787"]
[Annotator "TA"]
[PlyCount "91"]
[EventDate "2022.07.29"]
[EventType "team-tourn"]
[EventCountry "IND"]
[SourceTitle "playchess.com"]
[Source "ChessBase"]
[SourceQuality "1"]
[WhiteTeam "Sudan"]
[BlackTeam "LCA"]
[WhiteTeamCountry "SUD"]
[TimeControl "40/5400+30:1800+30"]

1. e4 g6 2. d4 Bg7 3. Nc3 d6 4. Be2 Nf6 5. h4 h5 6. Be3 c6 7. Qd2 {[%emt 0:03:00] B07: Pirc Defence: Miscellaneous Systems.} b5 8. f3 Nbd7 9. Nh3 {[%emt 0:03:31] The position is equal.} Nb6 10. Ng5 a5 {[%emt 0:02:52] [#]} 11. Nd1 $146 ({Predecessor:} 11. O-O O-O 12. Qe1 Nc4 13. Bxc4 bxc4 14. Qg3 Qb6 15. Rab1 Nh7 16. Rfd1 a4 17. a3 Nxg5 18. Qxg5 {1-0 (37) Vorobyova,A (1984)-Sergeev,I (1951) Abaza 2011}) 11... b4 (11... Nc4 $11 12. Bxc4 bxc4) 12. Nf2 Ba6 13. Bxa6 Rxa6 14. Qe2 {[%emt 0:00:04] Inhibits Nc4.} Qc8 15. g4 ({White should play} 15. a3 $16) 15... Na4 (15... Ra8 $11 {remains equal.}) 16. O-O-O $1 $16 Qb7 17. Rdg1 (17. Nd3 $14) 17... Rb6 $2 (17... c5 $11 {and Black has nothing to worry.}) 18. Qc4 (18. Qd3 $1 $18 ) 18... O-O 19. Qb3 Nc3 20. bxc3 a4 21. Qc4 d5 $2 {[%emt 0:01:53] A mistake that costs the game.} (21... hxg4 $16 {might work better.} 22. Nxg4 b3 23. axb3 (23. Qxa4 b2+ 24. Kd2 Nxg4 $19) 23... axb3) 22. Qd3 $18 bxc3 {[%emt 0:01:05][%csl Gb7][%cal Rb6b1] [#]} 23. Kd1 $1 ({Don't do} 23. Qxc3 $6 dxe4 24. fxe4 c5 $16) 23... Rb1+ 24. Ke2 Rxg1 25. Rxg1 {[%emt 0:00:08] e5 is the strong threat.} dxe4 26. fxe4 Qb2 27. gxh5 Nxh5 28. Nd1 Qxa2 29. Nxc3 Qa3 30. e5 c5 31. Nce4 (31. e6 $142 f5 32. Nd5 Qxd3+ 33. Kxd3) 31... Qb4 $2 (31... Qxd3+ 32. Kxd3 (32. cxd3 cxd4 33. Bxd4 Nf4+ 34. Ke3 Rd8 $18) 32... cxd4) 32. Nxc5 Rd8 {[%emt 0:01:00] [#]} 33. c3 (33. Nxf7 $142 $1 Rxd4 34. Nh6+ (34. Bxd4 Nf4+ 35. Ke3 Nxd3 $16) 34... Kh8 35. Qxg6 Qc4+ 36. Ke1 Qb4+ 37. Ke2 Qc4+ 38. Ke1 Qb4+ 39. c3 Qxc3+ 40. Kf2 Qb2+ 41. Kf3 Rf4+ 42. Bxf4 Qe2+ 43. Kxe2 Nxf4+ 44. Ke3 Nxg6 45. Rxg6) 33... Qb2+ 34. Qd2 Qb5+ 35. Kf2 Bxe5 (35... Qc4 $142 36. Nf3 Ra8) 36. Qa2 e6 37. dxe5 {[%emt 0:00:49][%cal Og5f7] Threatens to win with Nxf7!} Ng7 38. Rb1 Qc6 39. Qxa4 Qd5 40. Qa7 {[%emt 0:02:41] White mates.} Qxe5 41. Qxf7+ Kh8 42. Bd4 Qh2+ 43. Kf3 e5 44. Nce6 e4+ 45. Nxe4 Qh3+ 46. Ng3 {[%emt 0:00:00] Weighted Error Value: White=0.43/Black=0.57} 1-0

[Event "44th Chess Olympiad Open 2022"]
[Site "Chennai"]
[Date "2022.07.30"]
[Round "2.55"]
[White "Mathurin, Nathaniel"]
[Black "Abdelhakiem Abdellatief Nogdal"]
[Result "1-0"]
[ECO "A42"]
[WhiteElo "1722"]
[BlackElo "1960"]
[Annotator "TA"]
[PlyCount "111"]
[EventDate "2022.07.29"]
[EventType "team-tourn"]
[EventCountry "IND"]
[SourceTitle "playchess.com"]
[Source "ChessBase"]
[SourceQuality "1"]
[WhiteTeam "LCA"]
[BlackTeam "Sudan"]
[BlackTeamCountry "SUD"]
[TimeControl "40/5400+30:1800+30"]

1. d4 g6 2. c4 Bg7 3. Nc3 d6 4. e4 e5 5. Nge2 Nc6 6. Be3 Nge7 7. d5 {[%emt 0:01:33] A42: Modern Defence: Averbakh Variation.} Nb8 8. Qd2 f5 9. f3 {[%emt 0:00:39] White is slightly better.} f4 10. Bf2 {[%emt 0:03:22] [#]} O-O $146 ({Predecessor:} 10... g5 11. h3 b6 12. Nc1 a5 13. b3 Nd7 14. a3 h5 15. Be2 Nf6 16. Nd3 Ng6 {1-0 (36) Horvath,G (2451)-Ravasz,L (2118) Hungary 2005}) 11. c5 Na6 12. Na4 g5 (12... b5 $1 $14) 13. b4 Ng6 14. Nc1 (14. a3 $16) 14... Qe7 (14... g4 $14) 15. Nb3 Nb8 16. Nc3 Nd7 (16... a6 $16) 17. c6 ({Better is} 17. Nb5 $1 $18 ) 17... Nf6 (17... bxc6 $16 18. Na5 Qf7) 18. cxb7 $1 $18 Bxb7 {[%emt 0:00:17] [#]} 19. Na5 $1 $36 {[%emt 0:01:00][%mdl 2048] White is really pushing.} Bc8 20. Nc6 Qf7 21. Nxa7 (21. Bxa7 g4 $16) 21... g4 22. Ncb5 Ba6 23. Rc1 Bxb5 (23... Ne8 $142 24. Qc2 (24. fxg4 Bf6 $18) 24... Qd7) 24. Nxb5 Rfc8 25. a4 h5 26. a5 Ne8 27. Na7 Rd8 28. b5 Bf6 29. Nc6 Rdc8 30. b6 cxb6 31. axb6 Qb7 32. Bc4 Nh4 33. O-O gxf3 34. g3 {[%emt 0:00:01] Kh1 is the strong threat.} Ng2 $2 (34... Qd7 35. Be1 (35. gxf4 Qg7+ 36. Bg3 exf4 $17) 35... Ng6 36. Rxf3 Bd8) 35. Na5 Rxa5 (35... Qg7 36. b7 fxg3) 36. Qxa5 {[%emt 0:00:02] Black must now prevent Ba6.} Ra8 {[%emt 0:00:12] Prevents Ba6.} 37. Qb5 Qf7 38. Qc6 Rb8 39. Ba6 Bd8 40. Bc8 Kh8 41. b7 {[%emt 0:30:44] aiming for Ba7.} Ne3 42. Be6 Qf8 43. gxf4 Nxf1 44. Kxf1 Bc7 45. Ba7 {[%emt 0:02:16] A strong pair of Bishops.} Rd8 46. Bb6 Bxb6 47. Qxb6 Qxf4 48. Qxd8 {[%emt 0:06:34] Active counter play!} Qxc1+ {[%emt 0:00:20] KQB-KQN} 49. Kf2 Qd2+ {[%emt 0:01:14] [#]} 50. Kg3 $1 {[%emt 0:04:28] White mates.} ({Not} 50. Kxf3 Qd3+ 51. Kf2 Qd2+ 52. Kg3 Qe3+ 53. Kg2 (53. Kh4 Qf4+ 54. Kh3 Qe3+ 55. Kg2 Qe2+ 56. Kh3 Qe3+ 57. Kh4 Qf4+ 58. Kxh5 Qh6+ 59. Kg4 Qf4+ 60. Kh5 Qh6+ 61. Kg4 Qf4+ 62. Kh5 $11) 53... Qe2+ 54. Kh3 Qe3+ 55. Kh4 Qf4+ 56. Kxh5 Qh6+ 57. Kg4 Qf4+ 58. Kh5 Qh6+ 59. Kg4 Qf4+ 60. Kh5 $11) 50... Qg2+ 51. Kh4 Qxh2+ 52. Kg5 Qf4+ 53. Kxh5 Qh2+ 54. Qh4 Qg1 55. Bg4 Kg7 56. Qe7+ {[%emt 0:03:13] Weighted Error Value: White=0.20 (precise) /Black=0.51} 1-0